 Dungeon Crawl Stone Soup version 0.29.1-15-g9cfb28693d (webtiles) character file.

Game seed: 8352495806661052394

100 hawla the Chiller (level 5, -1/39 HPs)
             Began as a Meteoran Ice Elementalist on Feb 22, 2023.
             Killed by miscasting Hailstorm (15 damage)
             ... on level 3 of the Dungeon.
             The game lasted 00:06:22 (584 turns).

hawla the Chiller (Meteoran Ice Elementalist)        Turns: 584, Time: 00:06:23

Health: -1/39      AC:  7    Str:  8 (9)  XL:     5   Next: 24%
Magic:  2/11       EV: 10    Int: 18 (19) God:
Gold:   42         SH:  5    Dex: 12 (14) Spells: 3/11 levels left

rFire   + . .      SeeInvis .   j - +0 morningstar
rCold   . . .      Faith    .   (no shield)
rNeg    . . .      Spirit   .   d - +2 ring mail of a volcano {rElec rF+ Regen+}
rPois   .          Reflect  +   (no helmet)
rElec   +          Harm     .   (no cloak)
rCorr   .          Rampage  .   (no gloves)
Will    .....                   (no boots)
Stlth   +.........              h - amulet of reflection
HPRegen 0.13/turn               (no ring)
MPRegen 0.12/turn               (no ring)

@: very slightly contaminated, glowing
A: sense surroundings 1, otherworldly, glowing, explore regen
a: no special abilities


You were on level 3 of the Dungeon.
You visited 1 branch of the dungeon, and saw 4 of its levels.

You collected 42 gold pieces.

Inventory:

Hand Weapons
 j - a +0 morningstar (weapon)
Armour
 a - a +0 robe
 d - the +2 ring mail of a volcano (worn) {rElec rF+ Regen+}
   (You found it on level 2 of the Dungeon)

   rF:        It protects you from fire.
   rElec:     It insulates you from electricity.
   Regen:     It increases your rate of health regeneration.
Jewellery
 h - an amulet of reflection (around neck)
Scrolls
 c - a scroll of butterflies {unknown}
 f - a scroll of vulnerability {unknown}
 i - a scroll of fear {unknown}
Potions
 b - a potion of magic


   Skills:
 - Level 0.4 Fighting
 + Level 0.4 Maces & Flails
 + Level 0.1 Armour
 - Level 2.7 Dodging
 - Level 1.4 Stealth
 - Level 3.7 Spellcasting
 + Level 2.1 Conjurations
 - Level 5.3 Ice Magic


You had 3 spell levels left.
You knew the following spells:

 Your Spells              Type           Power      Damage    Failure   Level
a - Freeze                Ice            88%        1d10      5%          1
b - Frozen Ramparts       Ice            44%        1d7       16%         3
c - Hailstorm             Conj/Ice       16%        3d6       69%         4

Your spell library contained the following spells:

 Spells                   Type           Power      Damage    Failure   Level
 Ozocubu's Armour         Ice            22%        N/A       16%         3
 Static Discharge         Conj/Air       7%         3-4/arc   43%         2
 Sticky Flame             Conj/Fire      7%         2d3       97%         4
 Dispel Undead            Necr           3%         3d7       99%         4


Dungeon Overview and Level Annotations

Branches:
Dungeon (4/15) Zot: 1811
 Temple: D:4-7

Altars:

Annotations:
D:4 Ijyb


Innate Abilities, Weirdness & Mutations

You passively map a small area around you.
You are easily found by Zot.
You glow in the dark.
You regain HP and MP as you explore.


Message History

You sock the hobgoblin!
You kill the hobgoblin!
Ijyb zaps a wand.
The bolt of dispelling energy hits you!
* * * LOW HITPOINT WARNING * * *
Unknown command.
There is a stone staircase leading up here.
You climb upwards.
There is a stone staircase leading down here.
An orc comes into view. It is wielding a +0 whip.
The orc shouts!
You are too injured to fight recklessly!
You are too injured to fight recklessly!
Found a leather armour.
An orc comes into view. It is wielding a +0 short sword.
The orc shouts!
The orc hits you but does no damage.
Casting: Frozen Ramparts (quite dangerous; 16% risk of failure)
Confirm with . or Enter, or press ? or * to list all spells.
Aiming: Freeze (safe; 5% risk of failure)
Press: ? - help, Shift-Dir - straight line, f - orc
Aim: an orc, wielding a +0 whip You freeze the orc.
The orc is heavily wounded.
The orc hits you with a +0 whip.
Unknown command.
Casting: Freeze (safe; 5% risk of failure)
Confirm with . or Enter, or press ? or * to list all spells.
Aiming: Freeze (safe; 5% risk of failure)
Press: ? - help, Shift-Dir - straight line, f/p - orc
Aim: an orc, wielding a +0 whip (heavily wounded)
You freeze the orc.
You kill the orc!
Unknown command.
Casting: Freeze (safe; 5% risk of failure)
Confirm with . or Enter, or press ? or * to list all spells.
The spell is astonishingly dangerous to miscast (69% risk of failure)!
Continue anyway?
Casting: Hailstorm (astonishingly dangerous; 69% risk of failure)
Press: ? - help, Dir - look around, f - activate You miscast Hailstorm.
Frost covers your body!
You die...

> , ..# ** * * * ..# *,
*, , ... ,, * #.# * ,# ,
, #.# * ,.## * * #.#
...# * .######)###....##
....[o.@......... ,
..#####.......... *
.........###.#..# **
,.####...###.#..#
##.....##.#..# ,
#.......#.#..######### *
#............(.(......
.........>.....#########
* ####.....##.##.#


You could see an orc.

Vanquished Creatures
  A hound (D:3)
  An orc priest (D:3)
  An adder (D:3)
  5 orcs (D:3)
  A ball python (D:2)
  2 bats
  4 endoplasms
  A goblin (D:3)
  4 hobgoblins
  2 quokkas (D:2)
  A frilled lizard (D:3)
  A kobold (D:3)
  A rat (D:2)
25 creatures vanquished.

Notes
Turn   | Place    | Note
-------+----------+-------------------------------------------
     0 | D:1      | hawla the Meteoran Ice Elementalist began the quest for the
                  | Orb.
     0 | D:1      | Reached XP level 1. HP: 14/14 MP: 5/5
    72 | D:2      | Reached XP level 2. HP: 17/22 MP: 3/6
   195 | D:2      | Identified the +2 ring mail of a volcano {rElec rF+ Regen+}
   300 | D:3      | Reached XP level 3. HP: 27/27 MP: 5/8
   327 | D:3      | Reached skill level 5 in Ice Magic
   327 | D:3      | Reached XP level 4. HP: 10/34 MP: 2/10
   331 | D:3      | Learned a level 3 spell: Frozen Ramparts
   368 | D:3      | Learned a level 4 spell: Hailstorm
   369 | D:4      | Noticed Ijyb
   422 | D:3      | Reached skill level 1 in Conjurations
   422 | D:3      | Reached XP level 5. HP: 15/39 MP: 0/11
   584 | D:3      | Killed by miscasting Hailstorm

Illustrated notes

Levels and vault maps discovered:
D:1:      grunt_arrival_lava_bath, layout_loops_ring, feat_on_display
D:2:      layout_loops_ring, dreamdust_ecumenical_altar_hidden_monk_grotto,
          grunt_decor_arrowhead, chequers_serial_rivers_micro_a
D:3:      minmay_razor_zed, layout_loops_ring, uniq_sigmund
D:4:      layout_cave_pools, temple_doors_cd, nicolae_ossuary_entry_catacombs,
          uniq_ijyb

Skill      XL: |  1  2  3  4  5 |
---------------+----------------+-----
Spellcasting   | 3 |  3.7
Ice Magic      | 5 |  5.3
Conjurations   | 1 2 |  2.1
Fighting       | |  0.4
Maces & Flails | |  0.4
Armour         | |  0.1
Dodging        | |  2.7
Stealth        | |  1.4

Action                   |  1- 3 |  4- 6 || total
-------------------------+-------+-------++-------
Melee: Morningstar       |       |     6 ||     6
 Cast: Freeze            |    25 |     8 ||    33
       Frozen Ramparts   |       |     2 ||     2
  Use: Potion            |     1 |     3 ||     4
Armor: Robe              |     4 |     2 ||     6
       Ring mail         |       |     1 ||     1
Dodge: Dodged            |    10 |    18 ||    28
Block: Other             |       |     1 ||     1
